 Dungeon Crawl Stone Soup version 0.29-a0-817-g9904bce7a6 (webtiles) character file.

Game seed: 14019387716713473993

2491 wilfster70 the Cleaver (level 9, -1/82 HPs)
             Began as a Hill Orc Fighter on July 6, 2022.
             Was a Believer of Beogh.
             Slain by an orc warrior
             ... wielding a +0 broad axe
              (29 damage)
             ... in a bailey.
             The game lasted 00:12:04 (5877 turns).

wilfster70 the Cleaver (Hill Orc Fighter)           Turns: 5877, Time: 00:12:05

Health: -1/82      AC: 14    Str: 23    XL:     9   Next: 52%
Magic:  14/14      EV:  4    Int:  8    God:    Beogh [**....]
Gold:   313        SH:  8    Dex: 10    Spells: 8/8 levels left

rFire   . . .      SeeInvis .   a - +3 war axe
rCold   . . .      Faith    .   o - +0 kite shield
rNeg    . . .      Spirit   .   g - +0 plate armour
rPois   .          Reflect  .   (no helmet)
rElec   .          Harm     .   m - +1 cloak
rCorr   .          Rampage  .   d - +0 pair of gloves {hurl}
Will    .....                   (no boots)
Stlth   ..........              (no amulet)
HPRegen 0.23/turn               (no ring)
MPRegen 0.14/turn               (no ring)

@: hasted, very quick
A: no striking features
a: Renounce Religion, Smiting


You were in a bailey.
You worshipped Beogh.
Beogh was pleased with you.
You visited 1 branch of the dungeon, and saw 7 of its levels.
You also visited: Bailey.

You collected 313 gold pieces.

Inventory:

Hand Weapons
 a - a +3 war axe (weapon)
 t - a +0 halberd
Missiles
 l - 9 poisoned darts (quivered)
Armour
 d - a +0 pair of gloves of hurling (worn)
 g - a +0 plate armour (worn)
 m - a +1 cloak (worn)
 o - a +0 kite shield (worn)
Jewellery
 p - a ring of protection from cold
 s - a ring of magical power
Wands
 q - a wand of flame (18)
Scrolls
 e - 6 scrolls of fog
 f - a scroll of amnesia
 i - 2 scrolls of magic mapping
 j - a scroll of immolation
 r - a scroll of teleportation
Potions
 b - a potion of resistance {unknown}
 c - 3 potions of haste
 h - a potion of flight
 k - 4 potions of curing
 n - 2 potions of mutation


   Skills:
 + Level 8.7 Fighting
 * Level 12.3 Axes
 - Level 3.2 Armour
 - Level 3.2 Shields
 + Level 6.8 Invocations


You had 8 spell levels left.
You didn't know any spells.
Your spell library contained the following spells:

 Spells                   Type           Power      Damage    Failure   Level
 Poisonous Vapours        Pois/Air       0%         N/A       100%        2
 Sublimation of Blood     Necr           0%         N/A       100%        2
 Wereblood                Tmut           0%         N/A       100%        2
 Dazzling Flash           Conj/Hex       0%         N/A       100%        3
 Corpse Rot               Necr/Pois/Air  0%         N/A       100%        4
 Agony                    Necr           0%         N/A       100%        5
 Silence                  Hex/Air        0%         N/A       100%        5
 Summon Hydra             Summ           0%         N/A       100%        7


Dungeon Overview and Level Annotations

Branches:
Dungeon (7/15)             Temple (0/1) D:5          Bailey (1/1)

Altars:
Dithmenos
Kikubaaqudgha
Makhleb
Okawaru
Qazlal
Xom
Yredelemnul
Beogh

Shops:
D:1 [

Annotations:
D:3 2 transporters


Message History

Found seven items.
Found a gate leading back out of this place.
The gnoll shouts!
You hear a shout!
The orc knight hits you but does no damage.
The goblin hits you but does no damage.
There is an open door here.
The orc knight attacks as you move away!
You block the orc knight's attack.
You closely miss the orc knight.
The orc knight hits you with a +0 war axe!
You feel yourself speed up.
The orc knight hits you with a +0 war axe.
You slash the orc knight!
The orc knight is lightly wounded.
You block the orc knight's attack.
You hit the orc knight.
The orc knight is moderately wounded.
The orc knight roars a battlecry!
The orc warrior goes into a battle-frenzy!
You closely miss the orc knight.
The orc knight is moderately wounded.
The orc knight hits you with a +0 war axe!
You barely miss the orc knight.
The orc knight is moderately wounded.
You slice the orc knight!!
The orc knight is heavily wounded.
An orc warrior comes into view. It is wielding a +0 war axe.
You barely miss the orc warrior. You hit the orc knight.
The orc knight roars a battlecry!
The orc warrior goes into a battle-frenzy!
The orc warrior hits you with a +0 broad axe!!
You slash the orc warrior!
The orc warrior is moderately wounded.
You hit the orc knight. You hit the orc knight.
The orc knight is severely wounded.
You hit the orc warrior. The orc knight barely misses you.
The orc warrior hits you with a +0 broad axe!!
You die...
Beogh appreciates the orc warrior's killing of a heretic priest.

#...))..#
##.......##
#.........#
##.........## ##+
#.....⌠.....#
88.8
##.........##
..... #.........#
......##o......##
.....ggo@......#
......o##.....##
..⌠.... #######
....... .......
..oo..# ?...!!
?!∩?!#


You could see an orc knight, 3 orc warriors and 2 goblins.

Vanquished Creatures
  The ghost of Armakuni the Conjurer, an amateur HuCj (D:3)
  Eustachio (D:4)
  2 orc warriors (Bailey)
  3 ice beasts
  An ogre (D:6)
  2 centaurs
  2 phantoms (D:5)
  A kobold brigand (D:4)
  2 necrophages
  A wyvern zombie (D:5)
  3 scorpions
  4 water moccasin zombies (D:5)
  A centaur zombie (D:5)
  3 bullfrog zombies (D:5)
  A hound (D:5)
  A centaur skeleton (D:5)
  A gnoll bouda (D:6)
  Natasha (thrice) (D:2)
  5 iguanas
  A hound skeleton (D:5)
  A howler monkey zombie (D:5)
  A howler monkey skeleton (D:5)
  3 gnolls (D:6)
  7 adders
  4 worms
  3 dart slugs
  13 orcs
  2 bats
  6 endoplasms
  3 giant cockroaches
  7 hobgoblins
  6 jackals (D:3)
  6 quokkas
  7 ball pythons
  4 frilled lizards
  13 goblins
  6 kobolds
  2 rats (D:2)
133 creatures vanquished.

Vanquished Creatures (others)
  2 withered plants (D:5)
2 creatures vanquished.

Grand Total: 135 creatures vanquished

Notes
Turn   | Place    | Note
-------+----------+-------------------------------------------
     0 | D:1      | wilfster70 the Hill Orc Fighter began the quest for the
                  | Orb.
     0 | D:1      | Reached XP level 1. HP: 19/19 MP: 1/1
    12 | D:1      | Found Wietourr's Antique Armour Shop.
    92 | D:1      | Reached skill level 3 in Axes
   377 | D:1      | Reached XP level 2. HP: 21/27 MP: 2/2
   999 | D:2      | Noticed Natasha
  1007 | D:2      | Killed Natasha
  1008 | D:2      | Reached skill level 4 in Axes
  1008 | D:2      | Reached XP level 3. HP: 15/34 MP: 3/3
  1293 | D:2      | Noticed Natasha
  1298 | D:2      | Reached XP level 4. HP: 41/41 MP: 4/4
  1301 | D:2      | Killed Natasha
  1302 | D:2      | Reached skill level 5 in Axes
  1308 | D:2      | Noticed Natasha
  1316 | D:2      | Killed Natasha
  1565 | D:2      | Reached XP level 5. HP: 41/47 MP: 5/5
  1571 | D:2      | Found a faded altar of an unknown god.
  2018 | D:3      | Reached skill level 5 in Fighting
  2018 | D:3      | Reached skill level 6 in Axes
  2283 | D:3      | Found a basalt altar of Yredelemnul.
  2354 | D:3      | Found a transporter.
  2381 | D:3      | Found a transporter.
  2428 | D:3      | Found a runed translucent gate.
  2428 | D:3      | Noticed Armakuni's ghost (amateur HuCj)
  2429 | D:3      | Found a runed translucent gate.
  2430 | D:3      | Found a runed translucent gate.
  2431 | D:3      | Identified the +0 hand axe of Honour {freeze, rF+ Int+6}
  2431 | D:3      | Identified the +4 ring mail of Undesirable Species {+Inv
                  | Stlth+}
  2439 | D:3      | Found a roughly hewn altar of Beogh.
  2454 | D:3      | Killed Armakuni's ghost
  2455 | D:3      | Reached skill level 7 in Axes
  2455 | D:3      | Reached XP level 6. HP: 43/57 MP: 6/6
  2459 | D:3      | Became a worshipper of Beogh the Brigand
  2887 | D:4      | Reached skill level 1 in Invocations
  3025 | D:4      | Reached XP level 7. HP: 50/63 MP: 6/8
  3125 | D:4      | Found a shadowy altar of Dithmenos.
  3125 | D:4      | Found an iron altar of Okawaru.
  3125 | D:4      | Found a burning altar of Makhleb.
  3207 | D:4      | Reached skill level 8 in Axes
  3348 | D:5      | Entered Level 5 of the Dungeon
  3348 | D:5      | Noticed Eustachio
  3380 | D:4      | Killed Eustachio
  3489 | D:5      | Reached skill level 9 in Axes
  3510 | D:5      | Reached XP level 8. HP: 34/71 MP: 10/10
  3733 | D:5      | Found a shimmering altar of Xom.
  3796 | D:5      | Reached skill level 10 in Axes
  3923 | D:5      | Reached * piety under Beogh
  4106 | D:5      | Found a stormy altar of Qazlal.
  4185 | D:5      | Reached skill level 5 in Invocations
  4303 | D:5      | Found a staircase to the Ecumenical Temple.
  4386 | D:5      | Found an ancient bone altar of Kikubaaqudgha.
  4436 | D:5      | Reached skill level 11 in Axes
  4529 | D:5      | Reached XP level 9. HP: 79/81 MP: 13/13
  5396 | D:7      | Reached skill level 12 in Axes
  5408 | D:7      | Found a flagged portal.
  5430 | D:7      | Noticed a brown ugly thing
  5433 | Bailey   | Entered a bailey
  5652 | Bailey   | Reached ** piety under Beogh
  5865 | Bailey   | Noticed an orc knight
  5877 | Bailey   | Slain by an orc warrior

Illustrated notes

Levels and vault maps discovered:
D:1:      dpeg_arrival_orchard, layout_basic, serial_shops, shop
D:2:      layout_basic, nicolae_ecumenical_lake_church, uniq_natasha
D:3:      gammafunk_steamed_eel, layout_basic, general_overflow_altar,
          biasface_ghost_orc_armoury
D:4:      layout_basic, gammafunk_temple_overflow_claw, minivault_11
D:5:      layout_cave_pools, kennysheep_mini_moat,
          mainiacjoe_overflow_concentric_impassable,
          mainiacjoe_overflow_alcove_4, temple_doors_ab, serial_undead,
          serial_undead_d, serial_undead_c, serial_undead_f, serial_undead_e,
          serial_undead_a, serial_undead_e, serial_undead_f, serial_undead_a,
          uniq_eustachio
D:6:      layout_cave_pools
D:7:      layout_loops_cross, mainiacjoe_overflow_six_doors_small,
          nicolae_ru_the_path_less_chosen, enter_bailey_3,
          gup_ossuary_entry_pyramid, nicolae_shop_i_like_big_books,
          minmay_manual_mandibuliform
Bailey:   bailey_axe_minmay_hex_keep, bailey

Skill      XL: |  1  2  3  4  5  6  7  8  9 |
---------------+----------------------------+-----
Axes           | 3 4 5 7 9 11 12 | 12.3
Fighting       | 4 5 6 7 8 |  8.7
Invocations    | 1 3 5 6 |  6.8
Armour         | |  3.2
Shields        | |  3.2

Action                   |  1- 3 |  4- 6 |  7- 9 || total
-------------------------+-------+-------+-------++-------
Melee: War axe           |    68 |   107 |   255 ||   430
Invok: Convert to Beogh  |       |     1 |       ||     1
  Use: Scroll            |     9 |     5 |     5 ||    19
       Potion            |       |     1 |     1 ||     2
Armor: Scale mail        |    38 |    40 |    72 ||   150
       Plate armour      |       |       |   104 ||   104
Dodge: Dodged            |    24 |    37 |    74 ||   135
Block: Buckler           |    14 |    10 |       ||    24
       Kite shield       |       |    25 |   125 ||   150

Table legend: (Time is in decaauts)
 A = Elapsed time spent in this place.
 B = Non-inter-level travel time spent in this place.
 C = Inter-level travel time spent in this place.
 D = Time resting spent in this place.
 E = Time spent auto-exploring this place.
 F = Levels seen in this place.
 G = Mean time per level.
                   A        B        C        D        E       F      G
               +--------+--------+--------+--------+--------+-----+--------+
         Total |   5984 |   5871 |    113 |   1475 |   2752 |   8 |  748.0 |
       Dungeon |   5541 |   5428 |    113 |   1113 |   2752 |   7 |  791.6 |
        Bailey |    443 |    443 |      0 |    362 |      0 |   1 |  443.0 |
               +--------+--------+--------+--------+--------+-----+--------+

Top non-repeatable levels by time:
     D:5: 1051 daAuts
     D:1: 1003 daAuts
     D:3: 912 daAuts
     D:2: 909 daAuts
     D:4: 878 daAuts
     D:6: 707 daAuts
  Bailey: 443 daAuts
     D:7: 78 daAuts
